 Dungeon Crawl Stone Soup version 0.30.1-11-g7821555f0a (webtiles) character file.

Game seed: 2171294541314559838

30 Okkudo the Chopper (level 3, 0/31 HPs)
             Began as a Hill Orc Monk on Dec 8, 2023.
             Slain by a black bear (10 damage)
             ... on level 2 of the Dungeon.
             The game lasted 00:02:24 (677 turns).

Okkudo the Chopper (Hill Orc Monk)                   Turns: 677, Time: 00:02:25

Health: 0/31       AC:  8    Str: 15    XL:     3   Next: 20%
Magic:  3/3        EV: 11    Int: 10    God:
Gold:   18         SH:  0    Dex: 13    Spells: 2/2 levels left

rFire   . . .        a - +0 hand axe
rCold   . . .        d - orb {light}
rNeg    . . .        e - +0 ring mail
rPois   .            k - +1 helmet
rElec   .            j - +0 cloak
rCorr   .            (no gloves)
SInv    .            (no boots)
Will    .....        (no amulet)
Stlth   +            (no ring)
HPRegen 0.25/turn    (no ring)
MPRegen 0.08/turn

%: no passive effects
@: glowing
A: no striking features
a: no special abilities


You were on level 2 of the Dungeon.
You visited 1 branch of the dungeon, and saw 2 of its levels.

You collected 18 gold pieces.

Inventory:

Hand Weapons
 a - a +0 hand axe (weapon)
Armour
 d - an orb of light (worn)
 e - a +0 ring mail (worn)
 j - a +0 cloak (worn)
 k - a +1 helmet (worn)
Scrolls
 b - a scroll of acquirement {unknown}
 g - a scroll of amnesia {unknown}
 i - 2 scrolls of identify {unknown}
Potions
 c - a potion of ambrosia
 f - a potion of brilliance {unknown}
 h - a potion of flight {unknown}
 l - a potion of attraction {unknown}


   Skills:
 - Level 3.6 Fighting
 * Level 5.6 Axes
 - Level 2.4 Dodging


You had 2 spell levels left.
You didn't know any spells.
Your spell library contained the following spells:

 Spells                   Type           Power      Damage    Failure   Level
 Kiss of Death            Conj/Necr      0%         2d5       58%         1
 Confusing Touch          Hex            0%         N/A       92%         3
 Dispel Undead            Necr           0%         3d6       100%        4


Dungeon Overview and Level Annotations

Branches:
Dungeon (2/15)

Altars:


Message History

The black bear growls angrily.
A frilled lizard comes into view.
There is a stone staircase leading down here.
You hit the black bear.
The black bear is lightly wounded.
The black bear misses you. The black bear claws you.
The black bear claws you but does no damage.
You hit the black bear.
The black bear is moderately wounded.
The black bear closely misses you. x2; The black bear completely misses you.
You hit the black bear.
The black bear is moderately wounded.
The black bear closely misses you.
The black bear claws you but does no damage.
The black bear completely misses you.
You hit the black bear.
The black bear is heavily wounded.
The black bear bites you but does no damage.
The black bear claws you. x2
You hit the black bear.
The black bear is severely wounded.
The black bear bites you but does no damage.
The black bear claws you but does no damage. x2
You hit the black bear.
The black bear is severely wounded.
The black bear bites you but does no damage.
The black bear barely misses you.
The black bear claws you but does no damage.
You hit the black bear.
The black bear is almost dead.
The black bear goes berserk!
You hit the black bear.
The black bear is almost dead.
The black bear bites you! The black bear claws you.
The black bear claws you but does no damage.
You hit the black bear.
The black bear is almost dead.
The black bear closely misses you. The black bear barely misses you.
The black bear claws you. The black bear bites you!
You die...

###.#######
#..........
#.#.#######
#†#.# ##.#.#
##..#.#
#..##.#
##.###.#
##.@# #.#
#.h####..
#>...h.#
#.....##...#
#.....# ..
#.....#
#.....#
#.....#
#.....#


You could see a black bear (berserk).

Vanquished Creatures
  A worm (D:2)
  A dart slug (D:1)
  4 endoplasms (D:1)
  A hobgoblin (D:1)
  2 kobolds (D:1)
  4 quokkas
  3 ball pythons (D:1)
  4 bats
  A frilled lizard (D:1)
  2 goblins (D:1)
23 creatures vanquished.

Notes
Turn   | Place    | Note
-------+----------+-------------------------------------------
     0 | D:1      | Okkudo the Hill Orc Monk began the quest for the Orb.
     0 | D:1      | Reached XP level 1. HP: 19/19 MP: 1/1
   159 | D:1      | Reached XP level 2. HP: 26/26 MP: 2/2
   265 | D:1      | Reached skill level 5 in Axes
   495 | D:1      | Reached XP level 3. HP: 31/31 MP: 3/3
   663 | D:2      | Noticed a black bear
   677 | D:2      | Slain by a black bear

Illustrated notes

Levels and vault maps discovered:
D:1:      erik_arrival_orb_chamber, layout_basic
D:2:      layout_basic, uniq_robin

Skill      XL: |  1  2 |
---------------+-------+-----
Axes           | 5 |  5.6
Fighting       | |  3.6
Dodging        | |  2.4

Action                     || total
---------------------------++-------
  Melee: Hand axe          ||    78
 Armour: Ring mail         ||    27
  Dodge: Dodged            ||    51
